 Dungeon Crawl Stone Soup version 0.28-a0-563-gf77a47075d (webtiles) character file.

Game seed: 7708075255186840146

779 miscthings the Cudgeller (level 7, -2/35 HPs)
             Began as a Vine Stalker Cinder Acolyte on Sept 30, 2021.
             Was a High Priest of Ignis.
             Slain by an orc (6 damage)
             ... on level 4 of the Dungeon.
             The game lasted 00:05:16 (3743 turns).

miscthings the Cudgeller (VSCA)                     Turns: 3743, Time: 00:05:16

Health: -2/35      AC:  3    Str: 17    XL:     7   Next: 85%
Magic:  0/14       EV: 11    Int: 14    God:    Ignis [*****.]
Gold:   190        SH:  0    Dex: 11    Spells: 12/14 levels left

rFire   + . .      SeeInvis .   o - +0 whip (venom)
rCold   + . .      Faith    .   (no shield)
rNeg    . . .      Spirit   +   b - +0 robe
rPois   .          Reflect  .   (no helmet)
rElec   .          Harm     .   (no cloak)
rCorr   .          Rampage  .   (no gloves)
Will    .....                   i - +0 pair of boots
Stlth   ..........              (no amulet)
HPRegen 1.11/turn               k - ring of protection from cold
MPRegen 0.14/turn               (no ring)

@: silenced
A: fangs 2, regeneration 1, magic shield, antimagic bite, no potion heal 2
a: Renounce Religion


You were on level 4 of the Dungeon.
You worshipped Ignis.
Ignis was extremely pleased with you.
You visited 1 branch of the dungeon, and saw 5 of its levels.

You collected 190 gold pieces.

Inventory:

Hand Weapons
 o - a +0 whip of venom (weapon)
Missiles
 q - 5 curare-tipped darts (quivered)
Armour
 b - a +0 robe (worn)
 d - a +0 leather armour
 i - a +0 pair of boots (worn)
 n - a +0 kite shield
Jewellery
 a - a +4 ring of protection
 k - a ring of protection from cold (left hand)
Scrolls
 e - a scroll of holy word
 g - 3 scrolls of fog
 h - 3 scrolls of identify {@r1}
 j - a scroll of magic mapping
 l - a scroll of teleportation
 p - 3 scrolls of immolation
Potions
 f - a potion of cancellation
 m - a potion of haste


   Skills:
 - Level 2.6 Fighting
 + Level 6.3 Maces & Flails
 - Level 4.0 Spellcasting
 - Level 5.0 Fire Magic


You had 12 spell levels left.
You knew the following spells:

 Your Spells              Type           Power      Damage    Failure   Level
a - Scorch                Fire           32%        2d6       3%          2

Your spell library contained the following spells:

 Spells                   Type           Power      Damage    Failure   Level
 Animate Skeleton         Necr           4%         N/A       19%         1
 Pain                     Necr           8%         1d4       19%         1
 Sting                    Tmut/Pois      8%         1d3       19%         1
 Inner Flame              Hex/Fire       9%         N/A       21%         3
 Poisonous Vapours        Pois/Air       4%         N/A       28%         2
 Gell's Gravitas          Tloc           1%         N/A       50%         3
 Lesser Beckoning         Tloc           2%         N/A       50%         3
 Teleport Other           Tloc           2%         N/A       50%         3
 Vampiric Draining        Necr           1%         2d6       50%         3
 Cause Fear               Hex            1%         N/A       88%         4
 Olgreb's Toxic Radiance  Pois           2%         N/A       88%         4
 Discord                  Hex            1%         N/A       100%        8


Dungeon Overview and Level Annotations

Branches:
Dungeon (5/15)
 Temple: D:4-7

Altars:
Nemelex Xobeh

Shops:
D:2 (   D:3 (


Innate Abilities, Weirdness & Mutations

You have extremely sharp teeth.
Your natural rate of healing is unusually fast.
When hurt, damage is shared between your health and your magic reserves.
Your bite disrupts and absorbs the magic of your enemies.
Potions cannot restore your health.


Message History

Confirm with . or Enter, or press ? or * to list all spells.
Flames lash the orc.
The orc is heavily wounded.
The orc's fire resistance burns away.
The gnoll misses you.
Casting: Scorch (safe; 3% risk of failure)
Confirm with . or Enter, or press ? or * to list all spells.
Flames lash the gnoll.
The gnoll is heavily wounded.
The gnoll's fire resistance burns away.
The orc hits you with a +1 hand axe of flaming.
The orc burns you.
The gnoll hits you from afar with a +0 spear.
A sky beast comes into view.
The gnoll hits you with a +0 flail.
Casting: Scorch (safe; 3% risk of failure)
Confirm with . or Enter, or press ? or * to list all spells.
You don't have enough magic to cast this spell.
The orc hits you with a +1 hand axe of flaming!
The orc burns you.
The gnoll hits you from afar with a +0 spear.
The gnoll hits you with a +0 flail.
* * * LOW HITPOINT WARNING * * *
You climb upwards.
There is a stone staircase leading down here.
Okay, then.
Okay, then.
You aren't carrying any items that you can evoke.
Casting: Scorch (safe; 3% risk of failure)
Confirm with . or Enter, or press ? or * to list all spells.
You don't have enough magic to cast this spell.
You barely miss the gnoll.
The gnoll is heavily wounded.
The orc completely misses you. The gnoll hits you with a +0 flail!
* * * LOW HITPOINT WARNING * * *
Okay, then.
As you read the scroll labelled MESUOL SIEXACK, it crumbles to dust.
A profound silence engulfs you.
It was a scroll of silence.
The orc is no longer more vulnerable to fire.
The orc hits you with a +1 hand axe of flaming!
You die...

#............# #.#
#.###.#.#....########.#
#.###.#.##............#
#.....#.##.....########
#######.........#
####.....## #....##
#o#.## #@### #g# #.#
########### #.#
#.........#
##.###.#######.# ###
##...##.# #.# ##
##.######.....#.# #.#
.#####...............#
####.###
.##.###.########.#####
##.#....#


You could see a gnoll (combustible) and an orc.

Vanquished Creatures
  An ice beast (D:5)
  A necrophage (D:5)
  An ogre (D:4)
  A bullfrog zombie (D:5)
  A jelly (D:4)
  2 orc priests
  A centaur skeleton (D:4)
  Terence (D:3)
  3 iguanas
  4 orc wizards
  7 adders
  2 gnolls (D:5)
  An ufetubus (D:5)
  2 adder skeletons (D:4)
  3 worms (D:2)
  A dart slug (D:3)
  8 orcs
  6 endoplasms
  A giant cockroach (D:4)
  2 goblins
  6 hobgoblins
  3 quokkas
  7 ball pythons
  7 bats
  3 frilled lizards
  4 kobolds
  7 rats
86 creatures vanquished.

Vanquished Creatures (others)
  17 foxfires (D:5)
17 creatures vanquished.

Grand Total: 103 creatures vanquished

Notes
Turn   | Place    | Note
-------+----------+-------------------------------------------
     0 | D:1      | miscthings the Vine Stalker Cinder Acolyte began the quest
                  | for the Orb.
     0 | D:1      | Reached XP level 1. HP: 11/11 MP: 3/3
   427 | D:1      | Reached XP level 2. HP: 16/16 MP: 5/5
   430 | D:1      | Learned a level 2 spell: Scorch
   872 | D:2      | Reached XP level 3. HP: 12/19 MP: 0/7
   999 | D:2      | Found a sparkling altar of Nemelex Xobeh.
  1045 | D:2      | Found Wudamagg's Antique Weapon Boutique.
  1664 | D:2      | Gained mutation: Your natural rate of healing is unusually
                  | fast. [Vine Stalker growth]
  1664 | D:2      | Reached XP level 4. HP: 23/23 MP: 3/9
  2174 | D:3      | Found Usoghueti's Weapon Emporium.
  2186 | D:3      | Noticed Terence
  2199 | D:3      | Killed Terence
  2200 | D:3      | Reached XP level 5. HP: 27/27 MP: 1/10
  2692 | D:4      | Reached skill level 5 in Fire Magic
  2817 | D:4      | Reached XP level 6. HP: 32/32 MP: 8/13
  2900 | D:4      | Reached skill level 3 in Maces & Flails
  3273 | D:4      | Reached skill level 4 in Maces & Flails
  3522 | D:5      | Entered Level 5 of the Dungeon
  3525 | D:5      | Noticed an ice beast
  3537 | D:5      | Killed an ice beast
  3538 | D:5      | Reached skill level 5 in Maces & Flails
  3538 | D:5      | Reached XP level 7. HP: 28/35 MP: 2/14
  3685 | D:5      | Reached skill level 6 in Maces & Flails
  3743 | D:4      | Slain by an orc

Illustrated notes

Levels and vault maps discovered:
D:1:      dpeg_arrival_arbitrary_b, layout_basic
D:2:      layout_basic, basic_altar, serial_shops, nicolae_shop_waterfront,
          solitary_fountain, minivault_23
D:3:      layout_basic, serial_shops, shop, uniq_terence
D:4:      layout_loops_corners, minmay_checkerbox
D:5:      layout_rooms, lemuel_coloured_pillars_altar, temple_hall,
          uniq_prince_ribbit1

Skill      XL: |  1  2  3  4  5  6  7 |
---------------+----------------------+-----
Spellcasting   | 2 3 4 |  4.0
Fire Magic     | 4 5 |  5.0
Maces & Flails | 5 6 |  6.3
Fighting       | |  2.6

Action                   |  1- 3 |  4- 6 |  7- 9 || total
-------------------------+-------+-------+-------++-------
Melee: Mace              |    43 |    41 |       ||    84
       Bite              |     3 |    13 |    10 ||    26
       Whip              |       |     9 |    32 ||    41
Throw: Dart              |       |       |     4 ||     4
 Cast: Scorch            |    21 |    46 |    15 ||    82
Invok: Foxfire Swarm     |       |     1 |       ||     1
  Use: Scroll            |       |     7 |     1 ||     8
 Stab: Sleeping          |     1 |       |       ||     1
Armor: Robe              |    10 |    12 |     7 ||    29
Dodge: Dodged            |    38 |    43 |    22 ||   103

Table legend: (Time is in decaauts)
 A = Elapsed time spent in this place.
 B = Non-inter-level travel time spent in this place.
 C = Inter-level travel time spent in this place.
 D = Time resting spent in this place.
 E = Time spent auto-exploring this place.
 F = Levels seen in this place.
 G = Mean time per level.
                   A        B        C        D        E       F      G
               +--------+--------+--------+--------+--------+-----+--------+
         Total |   3760 |   3650 |    110 |    503 |   2457 |   5 |  752.0 |
       Dungeon |   3760 |   3650 |    110 |    503 |   2457 |   5 |  752.0 |
               +--------+--------+--------+--------+--------+-----+--------+

Top non-repeatable levels by time:
     D:2: 1007 daAuts
     D:4: 989 daAuts
     D:1: 856 daAuts
     D:3: 772 daAuts
     D:5: 133 daAuts
